 Dungeon Crawl Stone Soup version 0.30-a0-1160-g6e42c06551 (webtiles) character file.

Game seed: 10635500208608027764

165 IdlyInterested the Cutter (level 5, 0/41 HPs)
             Began as a Demonspawn Gladiator on Apr 26, 2023.
             Slain by a hobgoblin (2 damage)
             ... on level 3 of the Dungeon.
             The game lasted 00:06:52 (2557 turns).

IdlyInterested the Cutter (Demonspawn Gladiator)    Turns: 2557, Time: 00:06:53

Health: 0/41       AC:  8    Str: 16    XL:     5   Next: 22%
Magic:  6/6        EV:  8    Int: 10    God:
Gold:   146        SH:  0    Dex: 14    Spells: 6/6 levels left

rFire   . . .        a - +0 rapier
rCold   . . .        (no shield)
rNeg    . . .        h - +0 chain mail
rPois   .            (helmet restricted)
rElec   .            (no cloak)
rCorr   .            (no gloves)
SInv    .            (no boots)
Will    .....        (no amulet) Stlth
                     (no ring)
HPRegen 0.26/turn    (no ring)
MPRegen 0.10/turn

%: no passive effects
@: no status effects
A: horns 1, powered by death 1, demonic magic 2
a: no special abilities


You were on level 3 of the Dungeon.
You visited 1 branch of the dungeon, and saw 3 of its levels.

You collected 146 gold pieces.

Inventory:

Hand Weapons
 a - a +0 rapier (weapon)
 c - the +7 war axe "Uhext" {pain, rF- rCorr Dex-3 SInv}
   (You found it on level 3 of the Dungeon)

   Dex:       It affects your dexterity (-3).
   rF:        It makes you vulnerable to fire.
   SInv:      It lets you see invisible.
   rCorr:     It protects you from acid and corrosion.
 k - a +0 short sword
 l - a +0 vampiric dagger
Missiles
 e - a javelin
 f - 9 stones
 j - 4 poisoned darts (quivered)
Armour
 b - a +0 leather armour
 h - a +0 chain mail (worn)
Scrolls
 i - a scroll of summoning {unknown}
 m - a scroll of enchant armour {unknown}
 n - a scroll of enchant weapon
 o - a scroll of torment
 p - a scroll of vulnerability {unknown}
Potions
 g - 2 potions of might


   Skills:
 - Level 3.2 Fighting
 * Level 4.1 Short Blades
 - Level 2.0 Throwing
 + Level 0.5 Armour
 - Level 3.0 Dodging
 - Level 1.0 Stealth
 - Level 1.0 Spellcasting


You had 6 spell levels left.
You didn't know any spells.
Your spell library contained the following spells:

 Spells                   Type           Power      Damage    Failure   Level
 Apportation              Tloc           0%         N/A       99%         1
 Necrotise                Necr           0%         1d4       99%         1
 Summon Small Mammal      Summ           0%         N/A       99%         1
 Static Discharge         Conj/Air       0%         2-2/arc   100%        2
 Summon Guardian Golem    Hex/Summ       0%         N/A       100%        3
 Airstrike                Air            0%         2d(0-16)  100%        4
 Summon Lightning Spire   Summ/Air       0%         N/A       100%        4
 Orb of Destruction       Conj           0%         9d5       100%        7
 Spellforged Servitor     Conj/Summ      0%         N/A       100%        7


Dungeon Overview and Level Annotations

Branches:
Dungeon (3/15)

Altars:

Annotations:
D:3 Ijyb


Innate Abilities, Weirdness & Mutations

You have a pair of small horns on your head.
You regenerate a little health from kills.
Spells you cast may paralyse nearby enemies.


Message History

Ijyb is moderately wounded.
The +3 spectral club hits you but does no damage.
The +3 spectral club disappears.
Ijyb struggles against the net.
The hobgoblin struggles against the net.
You hit Ijyb.
Ijyb is severely wounded.
Ijyb struggles against the net.
The hobgoblin struggles against the net.
Ijyb struggles against the net.
The net rips apart, and Ijyb comes free!
You hit Ijyb but do no damage. Your headbutt misses Ijyb.
Ijyb is severely wounded.
Ijyb zaps a wand.
You suddenly lose the ability to move!
The now-empty wand crumbles to dust.
The hobgoblin struggles against the net.
The hobgoblin struggles against the net.
The net rips apart, and the hobgoblin comes free!
Ijyb hits you but does no damage.
The +3 spectral club hits you but does no damage.
A +3 spectral club comes into view.
Ijyb hits you with a +3 spectral club.
The +3 spectral club hits you but does no damage.
You can move again.
You barely miss Ijyb.
Ijyb is severely wounded.
The +3 spectral club hits you. Ijyb closely misses you.
The +3 spectral club hits you!
* * * LOW HITPOINT WARNING * * *
The hobgoblin hits you but does no damage.
Ijyb hits you but does no damage. The +3 spectral club hits you.
* * * LOW HITPOINT WARNING * * *
The +3 spectral club barely misses you.
You hit Ijyb but do no damage. You headbutt Ijyb, but do no damage.
Ijyb is severely wounded.
The +3 spectral club hits you.
* * * LOW HITPOINT WARNING * * *
Ijyb hits you but does no damage.
The +3 spectral club closely misses you.
The hobgoblin hits you.
You die...

.##.#######..#####.#
.............#~~~~.#
~~~.........~~~≈≈~.#
≈≈~~~~###~~~~≈≈≈≈~.#
≈≈≈≈≈~~~~~≈≈≈≈≈~~~.#
~~≈≈≈≈≈≈≈≈≈≈≈~~~#.†#
#~~~~≈≈≈≈≈~~~~###.##
####~~~~~~~### ##(#
###### #@g# #g## #g#
#.# #.# ..# .## .


You could see a +3 spectral club, Ijyb (fast) and 2 hobgoblins.

Vanquished Creatures
  An orc priest (D:3)
  4 adders (D:2)
  3 gnolls (D:3)
  3 dart slugs (D:1)
  3 orcs (D:3)
  3 bats (D:2)
  5 endoplasms
  4 giant cockroaches
  7 goblins
  4 hobgoblins
  5 jackals
  3 kobolds
  7 ball pythons
  3 frilled lizards
  6 rats
61 creatures vanquished.

Notes
Turn   | Place    | Note
-------+----------+-------------------------------------------
     0 | D:1      | IdlyInterested the Demonspawn Gladiator began the quest for
                  | the Orb.
     0 | D:1      | Reached XP level 1. HP: 16/16 MP: 1/1
   150 | D:1      | Gained mutation: You have a pair of small horns on your
                  | head. [demonic ancestry]
   150 | D:1      | Reached XP level 2. HP: 22/23 MP: 2/2
   810 | D:1      | Gained mutation: Spells you cast may paralyse adjacent
                  | enemies. [demonic ancestry]
   810 | D:1      | Reached XP level 3. HP: 23/29 MP: 3/3
   917 | D:2      | Reached skill level 1 in Stealth
   925 | D:2      | Reached skill level 3 in Short Blades
  1143 | D:2      | Found a faded altar of an unknown god.
  1215 | D:2      | Gained mutation: You regenerate a little health from kills.
                  | [demonic ancestry]
  1215 | D:2      | Reached XP level 4. HP: 31/35 MP: 5/5
  1281 | D:2      | Reached skill level 1 in Spellcasting
  1857 | D:3      | Identified the +7 war axe "Uhext" {pain, rF- rCorr Dex-3
                  | SInv}
  2231 | D:3      | Reached skill level 4 in Short Blades
  2231 | D:3      | Gained mutation: Spells you cast may paralyse nearby
                  | enemies. [demonic ancestry]
  2231 | D:3      | Reached XP level 5. HP: 11/41 MP: 6/6
  2540 | D:3      | Noticed Ijyb
  2542 | D:3      | Paralysed by Ijyb for 3 turns
  2553 | D:3      | Paralysed by Ijyb for 3 turns
  2556 | D:3      | HP: 2/41 [+3 spectral club[Ijyb] (3)]
  2557 | D:3      | Slain by a hobgoblin

Illustrated notes

Levels and vault maps discovered:
D:1:      enne_arrival_octagon_isle, layout_basic
D:2:      mumra_celtic_spiral_tile, layout_rooms,
          nicolae_ecumenical_snake_handling, moated_statue
D:3:      wander_river, layout_basic, mainiacjoe_overflow_24_doors,
          grunt_dithmenos_smoke_and_mirrors, uniq_ijyb

Skill      XL: |  1  2  3  4 |
---------------+-------------+-----
Throwing       | 2 |  2.0
Fighting       | 3 |  3.2
Stealth        | 1 |  1.0
Short Blades   | 3 4 |  4.1
Spellcasting   | 1 |  1.0
Dodging        | 3 |  3.0
Armour         | |  0.5

Action                     |  1- 3 |  4- 6 || total
---------------------------+-------+-------++-------
  Melee: Rapier            |   108 |    73 ||   181
         Headbutt          |    22 |    14 ||    36
         Dagger            |       |     3 ||     3
  Throw: Dart              |     1 |       ||     1
         Throwing net      |       |     3 ||     3
    Use: Scroll            |     2 |     2 ||     4
         Potion            |       |     1 ||     1
 Armour: Chain mail        |    70 |    50 ||   120
         Leather armour    |     2 |       ||     2
  Dodge: Dodged            |    35 |    37 ||    72

Table legend: (Time is in decaauts)
 A = Elapsed time spent in this place.
 B = Non-inter-level travel time spent in this place.
 C = Inter-level travel time spent in this place.
 D = Time resting spent in this place.
 E = Time spent auto-exploring this place.
 F = Levels seen in this place.
 G = Mean time per level.
                   A        B        C        D        E       F      G
               +--------+--------+--------+--------+--------+-----+--------+
         Total |   2566 |   2250 |    316 |    428 |   1263 |   3 |  855.3 |
       Dungeon |   2566 |   2250 |    316 |    428 |   1263 |   3 |  855.3 |
               +--------+--------+--------+--------+--------+-----+--------+

Top non-repeatable levels by time:
     D:2: 1089 daAuts
     D:1: 981 daAuts
     D:3: 495 daAuts
